[Event "Azerbaijan-ch 1st League 2025"]
[Site "Baku"]
[Date "2025.01.07"]
[Round "2.4"]
[White "Suleymanli, Suleyman"]
[Black "Abdulkarimli, Eljan"]
[Result "0-1"]
[Annotator "TA"]
[ECO "B14"]
[WhiteElo "2280"]
[BlackElo "2163"]
[PlyCount "81"]
[EventDate "2025.01.05"]
[EventType "swiss"]
[EventCountry "AZE"]
[SourceTitle "playchess.com"]
[Source "ChessBase"]
[SourceQuality "1"]
[TimeControl "40/5400+30:1800+30"]

1. e4 c6 2. d4 d5 3. exd5 cxd5 4. c4 e6 5. Nf3 Nf6 6. Nc3 Nc6 7. Be2 Be7 8. O-O dxc4 9. Bxc4 Nb4 (9... O-O $11) 10. Ne5 O-O 11. Be3 Bd7 12. a3 Nbd5 13. Bxd5 (13. Nxd5 Nxd5 14. Qg4 Bc6 15. Bd3) 13... exd5 14. Qb3 Bc6 15. Nxc6 (15. Bg5 {feels hotter.} Re8 16. Rfe1 Ng4 17. Bxe7 Qxe7 18. Nf3) 15... bxc6 16. Na4 Qd7 17. Rac1 Rfc8 18. Rc2 Qf5 19. h3 Rab8 20. Qc3 Bd6 21. Rfc1 g5 22. Qe1 g4 $1 $36 {[%emt 0:02:43][%mdl 2048] Black fights for an advantage.} 23. Rxc6 Rd8 (23... Rxc6 $11 24. Rxc6 Qd7) 24. h4 $16 g3 25. f3 $2 {[%emt 0:04:06] Wards off Qg4} (25. fxg3 $16 {keeps the pressure on. Hoping for Qf1.} Ne4 26. Rxd6 Nxd6 27. Bf4) 25... Nh5 $17 26. Qd2 (26. b4 $17) 26... Bf4 $19 27. Bxf4 Nxf4 (27... Qxf4 28. Qxf4 Nxf4 29. Kf1 $17) 28. Qe1 $2 (28. b4 $17 {was called for.}) 28... Re8 29. Qxg3+ Kh8 {[%emt 0:00:16] Strongly threatening ...Ne2+.} 30. Re1 $2 (30. Qg4 Ne2+ 31. Kh2 Qxg4 32. fxg4 Nxc1 33. Rxc1) 30... Rg8 31. Re5 Ne2+ ({Inferior is} 31... Rxg3 32. Rxf5 Rxg2+ 33. Kf1 $11) 32. Kf2 Nxg3 33. Rxf5 Nxf5 34. Rf6 Nxd4 35. Rxf7 Nc6 36. b4 a5 37. bxa5 Nxa5 38. g4 Rgf8 39. Rd7 Rb3 40. Nc5 Rbxf3+ 41. Ke2 0-1

[Event "Azerbaijan-ch 1st League 2025"]
[Site "Baku"]
[Date "2025.01.07"]
[Round "2.5"]
[White "Hamidov, Allahverdi"]
[Black "Israilov, Agil"]
[Result "1-0"]
[Annotator "TA"]
[ECO "E90"]
[WhiteElo "2200"]
[BlackElo "2280"]
[PlyCount "65"]
[EventDate "2025.01.05"]
[EventType "swiss"]
[EventCountry "AZE"]
[SourceTitle "playchess.com"]
[Source "ChessBase"]
[SourceQuality "1"]
[TimeControl "40/5400+30:1800+30"]

1. d4 a6 2. c4 d6 3. e4 Nd7 4. Nc3 c5 5. d5 g6 6. Nf3 Bg7 7. Bd3 Ngf6 8. h3 O-O 9. O-O Re8 10. Re1 e6 11. Bf4 e5 12. Be3 Rb8 13. Rb1 Bf8 14. a3 {[%emt 0:05:41] White is more active.} Qc7 15. Nd2 b6 16. b4 b5 17. Qc2 bxc4 18. Nxc4 cxb4 19. axb4 Bb7 20. Rec1 Rec8 21. Qa2 Qd8 22. Na5 Rc7 23. Na4 Rxc1+ 24. Rxc1 {[%emt 0:01:37][%cal Bb1c1,Bc1c7,Bc7a7,Ba7a6,Ba6c6][%mdl 32] Nc6 would now be deadly.} Qe8 $2 (24... Rc8 25. Rb1 (25. Nxb7 Rxc1+ 26. Bxc1 Qc7 $18) 25... Rc7 26. Nxb7 Rxb7 27. Bxa6 Rc7) 25. Rc7 $18 Ba8 26. Qc4 Qd8 27. Ra7 Rc8 28. Nc6 Qe8 29. Rxa6 (29. Qxa6 Bxc6 30. dxc6 Nb8 $11) 29... Bxc6 30. Rxc6 Ra8 {[%emt 0:00:09] Black is weak on the light squares} 31. b5 Nb8 32. Rc7 Kg7 33. Ba7 1-0

[Event "Azerbaijan-ch 1st League 2025"]
[Site "Baku"]
[Date "2025.01.07"]
[Round "2.6"]
[White "Aslanov, Umid"]
[Black "Rzayev, Chingiz"]
[Result "1-0"]
[Annotator "TA"]
[ECO "B01"]
[WhiteElo "2250"]
[BlackElo "2153"]
[PlyCount "77"]
[EventDate "2025.01.05"]
[EventType "swiss"]
[EventCountry "AZE"]
[SourceTitle "playchess.com"]
[Source "ChessBase"]
[SourceQuality "1"]
[TimeControl "40/5400+30:1800+30"]

1. e4 d5 2. exd5 Nf6 3. Nf3 Bg4 4. Bb5+ Nbd7 5. h3 a6 6. hxg4 axb5 7. Qe2 Nxd5 8. Nc3 (8. Qxb5 $16 e6 9. a3 (9. Qxb7 Nb4 $14)) 8... N7b6 (8... Nxc3 $14 9. dxc3 c6) 9. Qxb5+ $16 c6 10. Qe2 Qd7 11. Nxd5 Nxd5 12. Ne5 Qd6 13. d4 g6 14. c3 {[%emt 0:02:51] Against Qb4. White is more active.} Bg7 15. Nd3 b5 (15... O-O $142) 16. Bd2 Ra7 17. Kf1 f6 18. a3 O-O 19. Bh6 e5 20. dxe5 fxe5 21. Be3 Nxe3+ 22. Qxe3 Raf7 23. Re1 e4 24. Qxe4 $18 c5 {[%emt 0:00:02] Threatens to win with ...c4.} 25. f3 b4 (25... Rd8 $142) 26. axb4 cxb4 27. Nxb4 ({Don't take} 27. cxb4 $6 Rd8) 27... Qb6 (27... Rd7 {was necessary.} 28. Qc4+ Kh8) 28. Re2 Kh8 (28... Ra7 $142 29. Qe6+ Qxe6 30. Rxe6 Rc8) 29. Nd5 Qa6 30. Kf2 Qa7+ 31. Qe3 Qd7 32. Qe4 Qa7+ $1 33. Re3 Rb7 (33... Rb8 $142 34. b4 (34. Qxg6 Rxb2+ 35. Kf1 Bf8 $18) 34... Rd8 35. Qxg6 Be5) 34. b4 Rd8 35. Kg3 {[%emt 0:05:44][%cal Oe4g6] Threatens to win with Qxg6!.} Qb8+ 36. f4 {[%emt 0:00:09][%cal Oe4g6] Intending Qxg6! and mate.} Qd6 37. c4 Rf7 38. Qe6 Qf8 39. Ne7 1-0

[Event "Azerbaijan-ch 1st League 2025"]
[Site "Baku"]
[Date "2025.01.07"]
[Round "2.7"]
[White "Musayev, Eldar"]
[Black "Ughuzov, Ravan"]
[Result "1-0"]
[Annotator "TA"]
[ECO "A06"]
[WhiteElo "2163"]
[BlackElo "2250"]
[PlyCount "91"]
[EventDate "2025.01.05"]
[EventType "swiss"]
[EventCountry "AZE"]
[SourceTitle "playchess.com"]
[Source "ChessBase"]
[SourceQuality "1"]
[TimeControl "40/5400+30:1800+30"]

1. Nf3 Nf6 2. g3 e6 3. Bg2 d5 4. O-O Be7 5. b3 O-O 6. Bb2 c5 7. d4 cxd4 8. Nxd4 e5 9. Nf3 e4 10. Nd4 Nc6 11. Qd2 Bc5 12. h3 Re8 {[%emt 0:06:48][%cal Oe4e3] Threatens to win with ...e3!.} 13. Nxc6 $1 bxc6 14. e3 Qe7 15. Nc3 h5 16. Ne2 {[%emt 0:01:35] [#]} h4 $1 17. c4 dxc4 18. Rfc1 Rd8 19. Qc2 Ba3 ({Better is} 19... Bb4 $11 20. Qxc4 Rd2 21. Bxf6 (21. Qxc6 Bb7 $11) 21... Qxf6 22. gxh4 (22. Qxb4 Rxe2 23. Rf1 hxg3 $19) 22... Be6 (22... Qxh4 23. Ng3 $14) 23. Qxb4 Rxe2) 20. Bxa3 $14 Qxa3 21. g4 Be6 22. Nd4 (22. bxc4 Rab8 $11) (22. Bxe4 $6 Nxe4 23. Qxe4 Rd2 $11) 22... Qd6 23. Nxe6 (23. Bxe4 $6 Nxe4 24. Qxe4 Bd5 $11) (23. g5 {feels hotter.} Nh7 24. Qxe4 Nxg5 25. Qxh4 Qe7 26. Qg3) 23... Qxe6 24. Qxc4 Rd5 $1 25. Rc2 (25. Qxc6 $2 Rd1+ 26. Rxd1 Qxc6 $19) 25... c5 26. Rac1 Rad8 27. Qe2 (27. Qb5 $16) 27... Qe5 $11 28. Rc4 Rd2 29. Rxc5 Qb2 $1 (29... Rxe2 30. Rxe5 g6 31. a3 $16 (31. Bxe4 Rxa2 32. Bh1 Rdd2 $14)) (29... Qxc5 $2 30. Qxd2 Qe7 31. Qa5 $18) 30. Qe1 Re2 $2 (30... g6 $11) 31. Qa5 $18 Re8 32. Rf1 (32. Qxa7 $2 Rxf2 (32... Qxa2 $2 {loses.} 33. Qxa2 Rxa2 34. Rb1 $18) 33. Bf1 Rh2 $19 (33... Qxa2 34. Qxa2 Rxa2 35. Rd1 $11)) 32... Qxa2 {[%emt 0:00:58] [#]} 33. Qb5 $1 Rd8 34. g5 Nh5 $2 (34... Nd7) 35. Bxe4 Nf4 {[%emt 0:01:00] [#]} 36. Qd7 Rd2 37. Qf5 {[%emt 0:01:38] And now Qh7+ would win.} Ne2+ 38. Kg2 g6 39. Qf6 $40 {[%emt 0:01:46][%mdl 128] White goes for the king.} R2d6 $2 (39... Qb2) 40. Qf3 Rd2 41. Bd5 Rf8 42. Rc7 Rxd5 43. Qxd5 Ng3 44. Rfc1 Nf5 45. R1c2 Qa6 46. R7c6 1-0

[Event "Azerbaijan-ch 1st League 2025"]
[Site "Baku"]
[Date "2025.01.07"]
[Round "2.8"]
[White "Rustamov, Rustam"]
[Black "Allajov, Ramil"]
[Result "1-0"]
[Annotator "TA"]
[ECO "B33"]
[WhiteElo "2305"]
[BlackElo "2079"]
[PlyCount "131"]
[EventDate "2025.01.05"]
[EventType "swiss"]
[EventCountry "AZE"]
[SourceTitle "playchess.com"]
[Source "ChessBase"]
[SourceQuality "1"]
[TimeControl "40/5400+30:1800+30"]

1. e4 c5 2. Nf3 Nc6 3. d4 cxd4 4. Nxd4 Nf6 5. Nc3 e5 6. Ndb5 d6 7. Bg5 a6 8. Na3 b5 9. Nd5 Be7 10. Bxf6 Bxf6 11. c3 O-O 12. Nc2 Bg5 13. Be2 Ne7 14. Nxe7+ Qxe7 15. Nb4 Bb7 16. Nd5 Bxd5 17. Qxd5 Qe6 18. Rd1 Qxd5 19. Rxd5 Bc1 20. b3 Rfc8 21. c4 bxc4 22. Bxc4 Ba3 23. O-O Bc5 24. g3 a5 25. Kg2 g6 26. f4 exf4 27. Rxf4 Rc7 28. e5 dxe5 (28... Bb4 $1 $11 {remains equal.}) 29. Rxf7 $1 $16 (29. Rxe5 $2 Bd6 30. Rfe4 Bxe5 31. Rxe5 a4 $19) 29... Rxf7 30. Rxc5 Kg7 31. Bxf7 Kxf7 32. Rxe5 a4 33. b4 Rc8 34. Kf3 Rc4 (34... Rc2 $16) 35. Re4 (35. a3 $18) 35... Rc1 36. a3 Rf1+ 37. Kg4 Ra1 (37... Rd1 $16) 38. Re3 $18 Kf6 39. h4 h5+ (39... Rd1 {keeps fighting.} 40. Kf4 Rd4+ 41. Kf3 Kf5) 40. Kf4 $18 Rb1 41. Ke4 g5 (41... Ke7 $142 42. Kd5+ Kd7) 42. hxg5+ (42. Rf3+ $142 Kg6 43. Rd3) 42... Kxg5 43. Kd4 Kg4 44. Kc4 Rb2 (44... Kf5 $142 45. Rc3 Kg4) 45. Rd3 $18 Rb1 46. b5 Rb2 47. Kc5 Rb3 {[%emt 0:01:33] [#]} 48. Rd4+ $1 Kxg3 49. b6 (49. Rxa4 Rc3+ 50. Kd4 Rc8 $18) 49... h4 {[%emt 0:28:45] [#]} 50. Rb4 $1 (50. Rxa4 h3 51. Rb4 Rxb4 52. axb4 h2 $18) 50... Rc3+ 51. Kb5 Rc8 52. b7 Rb8 53. Kc6 (53. Kxa4 h3 $16) 53... h3 54. Kc7 (54. Rxa4 $2 h2 55. Kc7 Rxb7+ (55... h1=R $2 56. Kxb8 Rh7 57. Ka8 $18) 56. Kxb7 h1=Q+ $19 (56... h1=R 57. Rd4 $16)) 54... h2 55. Rb1 $1 ({Not} 55. Kxb8 h1=Q $16) 55... Rh8 56. b8=Q ({Stronger than} 56. b8=B Kf3 (56... h1=R 57. Rxh1 Rxh1 58. Kb6+ Kf3 59. Ka5 $19) 57. Rh1 Kg2 $19) 56... Rxb8 57. Kxb8 Kg2 58. Kb7 h1=Q 59. Rxh1 Kxh1 60. Kb6 Kg2 61. Kb5 Kf3 62. Kxa4 Ke4 63. Kb5 Kd5 64. a4 Kd6 65. Kb6 Kd7 66. Kb7 1-0

[Event "Azerbaijan-ch 1st League 2025"]
[Site "Baku"]
[Date "2025.01.07"]
[Round "2.9"]
[White "Isbatov, Kanan"]
[Black "Orujov, Farid"]
[Result "1/2-1/2"]
[Annotator "TA"]
[ECO "D11"]
[WhiteElo "1882"]
[BlackElo "2301"]
[PlyCount "113"]
[EventDate "2025.01.05"]
[EventType "swiss"]
[EventCountry "AZE"]
[SourceTitle "playchess.com"]
[Source "ChessBase"]
[SourceQuality "1"]
[TimeControl "40/5400+30:1800+30"]

1. Nf3 Nf6 2. d4 d5 3. c4 c6 4. g3 dxc4 5. a4 b5 6. Bg2 Bb7 7. Ne5 a6 8. Nc3 Qc8 9. axb5 cxb5 10. d5 Nbd7 ({Black should play} 10... e6 $17 11. e4 Bd6) 11. Nc6 (11. Bh3 $11) 11... e5 (11... Nxd5 $17 12. Qxd5 e6 (12... Nb8 13. Nxe7 Bxd5 14. Nxc8 $17)) 12. O-O $11 Bd6 13. Be3 O-O 14. h3 (14. Na5 $15) 14... Qc7 (14... Re8 $17 15. Na5 Bb4 16. Nxb7 Qxb7) 15. Na5 b4 16. Nb1 e4 17. Nxb7 Qxb7 18. Nd2 Rac8 (18... Nxd5 19. Nxc4 Bc7 (19... Nxe3 20. Nxd6 Nxd1 21. Nxb7 $16) 20. Bxe4 $16) (18... Qxd5 19. Nxe4 Qxd1 20. Nxf6+ Nxf6 21. Rfxd1 $18 (21. Raxd1 Be7 $18)) 19. Nxe4 Nxe4 20. Bxe4 Rfe8 21. Qb1 ({White should try} 21. Bf5 $15) 21... g6 22. Bd4 (22. Bf3 $142) 22... Bc5 (22... Nc5 $142 $1 23. Bxc5 Rxc5 (23... Bxc5 24. Bf3 $17)) 23. Bxc5 (23. Rd1 $17 {was the only chance.}) 23... Nxc5 $19 24. Bf3 Nb3 25. d6 Qd7 (25... Qa7 $142 {[%cal Oe8d8] ...Red8! is the strong threat.} 26. Rd1 Rcd8 (26... Nxa1 27. d7 $15)) 26. Rxa6 $17 {[%emt 0:00:35] Black must now prevent Rd1.} Nd2 $1 27. Qd1 (27. Bg4 $17 f5 28. Qd1) 27... Nxf1 $19 28. Bg4 Qb7 (28... Ne3 29. fxe3 Qb5 30. Bxc8 Rxc8 31. Ra7 $11) 29. Bxc8 Rxc8 30. Ra1 {[%emt 0:01:22] [#]} c3 (30... Nxg3 $1 $19 {( -> ...Qh1#)} 31. fxg3 Qb6+ 32. Kg2 Qc6+ 33. e4 Rd8 (33... Qxe4+ $2 34. Qf3 $19)) 31. bxc3 $15 {[%emt 0:00:06] [#]} bxc3 $1 32. Qxf1 (32. d7 Rd8) 32... c2 33. Qc1 (33. Rc1 $15) 33... Qd5 $17 34. Kh2 (34. Qe1 $17) 34... Qxd6 $19 35. Qe3 {[%emt 0:00:21] Prevents Qd4} h5 36. h4 (36. Rc1 $17) 36... Qd1 $2 (36... Qc6 $19 37. Rc1 Rd8) 37. Rc1 $17 Rd8 38. Kg2 $2 {[%emt 0:03:10][%mdl 8192] [#]} (38. Qe7 $17) 38... Kh7 $2 (38... Qd5+ $1 $19 39. f3 Qd1) 39. Qf4 $17 Rd7 (39... Qxe2 $2 40. Qxf7+ Kh6 41. Qf4+ Kg7 42. Qc7+ Kf6 43. Qxd8+ $18) (39... Qd5+ $17 40. f3 Rc8) 40. Qe3 $2 (40. Qa4 $1 $11 {and White has nothing to worry.}) 40... Rb7 41. Qf4 Kg8 ({Don't play} 41... Qxe2 42. Qf3 Qxf3+ 43. Kxf3) 42. Qe3 Rb1 (42... Rb8 $17 43. Qe5 Rc8) 43. Qe8+ $11 Kg7 44. Qe5+ Kh7 (44... Kf8 $5 45. Qc5+ $8 Kg8 46. Qc8+ Kg7 (46... Kh7 47. Qc4 $11) 47. Qc3+ f6 48. Qc7+ (48. Rxc2 $2 Qh1#) 48... Kg8 49. Qc4+ Kg7 50. Qc7+ $11 (50. Rxc2 $2 Qh1#)) 45. Qe7 Kg7 46. Qe5+ $1 Kf8 (46... Kg8 $5 47. Qe8+ $8 Kg7 48. Qe5+ $11) 47. Qc5+ Kg8 48. Qc8+ Kg7 49. Qc3+ Kh7 (49... Kg8 $5 50. Qc8+ $8 Kh7 $11) 50. Qc4 $1 Kh6 51. Qxf7 Qxc1 (51... Rxc1 $5 52. Qf8+ $8 Kh7 53. Qf7+ Kh8 54. Qf8+ Kh7 $11) 52. Qf8+ Kh7 53. Qf7+ Kh8 54. Qf8+ Kh7 55. Qf7+ Kh8 56. Qf8+ Kh7 57. Qf7+ 1/2-1/2

[Event "Azerbaijan-ch 1st League 2025"]
[Site "Baku"]
[Date "2025.01.07"]
[Round "2.10"]
[White "Isfandiyarli, Kamal"]
[Black "Hajialiyev, Islam"]
[Result "1/2-1/2"]
[Annotator "TA"]
[ECO "D31"]
[WhiteElo "2027"]
[BlackElo "2217"]
[PlyCount "93"]
[EventDate "2025.01.05"]
[EventType "swiss"]
[EventCountry "AZE"]
[SourceTitle "playchess.com"]
[Source "ChessBase"]
[SourceQuality "1"]
[TimeControl "40/5400+30:1800+30"]

1. d4 d5 2. c4 e6 3. Nc3 a6 4. cxd5 exd5 5. Nf3 Be7 6. Bf4 Nf6 7. h3 O-O 8. e3 {[%emt 0:00:37] White has an edge.} Nbd7 9. Bd3 Re8 10. O-O Nf8 11. Rc1 Ng6 12. Bxg6 hxg6 13. Qb3 c6 14. Ne5 a5 15. Rfd1 Ra6 16. Na4 Ne4 17. Nd3 Bf8 18. Ndc5 Nxc5 19. Nxc5 Rb6 20. Qc3 g5 21. Bg3 Rb5 22. Nd3 Bf5 23. a4 $1 Bb4 24. Qc2 Rb6 25. Qe2 Bf8 26. Rc3 Re6 27. b3 Rh6 28. Nc5 Qc8 29. e4 ({White should try} 29. f3 $11) 29... dxe4 $15 30. Nxe4 Re6 31. Re3 (31. f3 $11) 31... Rxe4 (31... Bxe4 $17 32. Rxe4 Rxb3) 32. Rxe4 Bxe4 33. Qxe4 Qe6 ({Better is} 33... Rxb3 $11 34. Qc2 Rb6) 34. Qxe6 $14 fxe6 {[%emt 0:00:01][%mdl 4096] Endgame. KRB-KRB} 35. Rd3 Be7 36. Bc7 Ra6 37. Kf1 Kf7 38. Ke2 Bf6 39. Ke3 Ke7 40. Ke4 Kd7 41. Be5 Rb6 42. f4 {[%emt 0:18:14] [#] fxg5 would now be deadly.} gxf4 43. Bxf4 Ra6 44. g4 Ra8 45. g5 Be7 46. h4 Rh8 47. Rh3 {[%emt 0:00:12] Weighted Error Value: White=0.11 (very precise) /Black=0.10 (very precise) .  Mistake:       	White=2     	Black=2      Inaccurate:     	White=2     	Black=1      OK:         	White=16    	Black=18     Best:        	White=2     	Black=2      Strong:       	White=1     	---} 1/2-1/2

[Event "Azerbaijan-ch 1st League 2025"]
[Site "Baku"]
[Date "2025.01.07"]
[Round "2.11"]
[White "Ahmad, Khagan"]
[Black "Gulumov, Muthat"]
[Result "1-0"]
[Annotator "TA"]
[ECO "E97"]
[WhiteElo "2406"]
[BlackElo "2054"]
[PlyCount "106"]
[EventDate "2025.01.05"]
[EventType "swiss"]
[EventCountry "AZE"]
[SourceTitle "playchess.com"]
[Source "ChessBase"]
[SourceQuality "1"]
[TimeControl "40/5400+30:1800+30"]

1. Nf3 Nf6 2. c4 g6 3. Nc3 Bg7 4. e4 d6 5. d4 O-O 6. Be2 e5 7. O-O Nc6 8. d5 Ne7 9. b4 Nh5 10. g3 f5 11. Ng5 Nf6 12. Bf3 c6 13. b5 h6 14. Ne6 {[%emt 0:00:05] White is slightly better.} Bxe6 15. dxe6 fxe4 16. Nxe4 Nxe4 17. Bxe4 d5 18. cxd5 {[%emt 0:00:44] White is more active.} (18. Bg2 $16) 18... cxd5 $11 {[%emt 0:00:03] [#]} 19. Ba3 $1 {[%emt 0:00:37] Strongly threatening Bxe7.} dxe4 20. Qxd8 Rfxd8 21. Bxe7 Re8 22. Bb4 Rxe6 23. Bc5 b6 24. Be3 Rc8 25. Rac1 Rxc1 26. Rxc1 {[%emt 0:00:10][%mdl 4096] Endgame. Hoping for Rc7. KRB-KRB} Bf8 27. Rc4 Kf7 28. Rxe4 Re7 29. Rc4 Rd7 {[%emt 0:01:28] [#]} ({Black should play} 29... h5 $14) 30. Kg2 $1 $16 h5 31. Kf3 Ke6 32. Ke4 {[%emt 0:00:43] Inhibits Rd3.} Bd6 (32... Bc5 $1 $14) 33. Rc8 (33. Rc6 $142) 33... Rc7 $2 {[%emt 0:00:38] This costs Black the game.} (33... a6 $16) 34. Rxc7 $18 Bxc7 {[%emt 0:00:09] KB-KB} 35. f3 Bd6 36. h3 Be7 37. g4 (37. Bd2 $142 {aiming for Bc1.} Bd8 38. Bb4) 37... hxg4 38. fxg4 {[%emt 0:01:30] And now Bf2 would win.} g5 $2 (38... Bh4 39. Bd2 Bd8) 39. Bf2 Kd6 40. Bg1 Ke6 41. Bh2 Bf6 42. Bg3 Kd6 43. Kf5 Bg7 44. Be1 Kc5 45. Bc3 Kxb5 46. Bxe5 {[%emt 0:00:45] White mates.} Bxe5 47. Kxe5 {[%emt 0:00:03] K3P-K3P} Kc5 48. Kf5 b5 49. Kxg5 a5 50. Kf4 b4 51. Ke3 a4 52. Kd3 a3 {[%emt 0:00:06] [#]} 53. Kc2 $1 Kd5 {[%emt 1:17:36] Weighted Error Value: White=0.11 (very precise) /Black=0.35.  Loses game:     	---       	Black=1      Mistake:       	White=3     	Black=3      Inaccurate:     	White=1     	Black=1      OK:         	White=8     	Black=10     Best:        	White=2     	Black=2      Strong:       	White=1     	---} 1-0

[Event "Azerbaijan-ch 1st League 2025"]
[Site "Baku"]
[Date "2025.01.07"]
[Round "2.12"]
[White "Ibrahimli, Suat"]
[Black "Alizada, Pasham"]
[Result "1/2-1/2"]
[Annotator "TA"]
[ECO "D75"]
[WhiteElo "1949"]
[BlackElo "2117"]
[PlyCount "167"]
[EventDate "2025.01.05"]
[EventType "swiss"]
[EventCountry "AZE"]
[SourceTitle "playchess.com"]
[Source "ChessBase"]
[SourceQuality "1"]
[TimeControl "40/5400+30:1800+30"]

1. d4 Nf6 2. c4 g6 3. Nc3 d5 4. cxd5 Nxd5 5. g3 Bg7 6. Bg2 Nxc3 7. bxc3 c5 8. Nf3 Nc6 9. Be3 O-O 10. O-O cxd4 11. cxd4 Be6 12. Rb1 b6 13. Qa4 Bd5 14. Rfd1 Rc8 15. Rbc1 Na5 16. Bd2 Nc4 17. Bc3 f5 18. Qb5 Bh6 19. Bd2 Bg7 20. Bg5 a6 21. Qxa6 h6 22. Ne5 Bxg2 23. Kxg2 Qd5+ 24. Kg1 hxg5 25. Nxc4 Qe6 26. Qxb6 Qxe2 27. Re1 Qd3 (27... Qxa2 28. Rxe7 Bf6 29. Ra7 (29. Qe6+ Kh8 $11) 29... Rxc4 30. Rxa2 $18) (27... Qh5 {might work better.}) 28. Qxg6 $2 (28. Ne5 $18 Bxe5 29. Qxg6+ (29. dxe5 Kg7 $16) 29... Kh8 30. Qh6+ (30. dxe5 Rxc1 31. Qh6+ Kg8 $18) 30... Kg8 31. dxe5 Rxc1 32. Qxg5+ (32. Rxc1 Qd2 $18) 32... Kh8 33. Rxc1) 28... Rf6 $16 29. Ne5 Rxc1 30. Qe8+ (30. Nxd3 $2 Rxe1+ (30... Rxg6 31. Nxc1 Bxd4 32. Rxe7 $16) 31. Nxe1 Rxg6 $19) ({White should try} 30. Rxc1 $16 {White threatens Rc8+ and mate.} Rxg6 31. Nxd3 Bxd4 32. Rc8+ Kf7 33. Rc4) 30... Rf8 $11 31. Qxf8+ (31. Nxd3 $2 {is the wrong capture.} Rxe1+ (31... Rxe8 32. Rxc1 Bxd4 33. a4 $14) 32. Nxe1 Rxe8 $19) 31... Kxf8 32. Nxd3 Rc2 $1 33. a4 Bxd4 34. Rd1 Ra2 35. h3 Rxa4 36. Rd2 Kf7 37. Kg2 Kf6 38. f3 Ra3 39. Nf2 Bc5 40. Re2 e6 41. g4 Be3 42. Nh1 Rb3 43. Ng3 Rd3 44. Re1 Rb3 45. Re2 Bd4 46. Nh5+ Kf7 47. Ng3 Kf6 48. Nh5+ Kf7 49. Ng3 Rb5 50. Rd2 Be3 51. Re2 Bb6 52. Nh1 Rb1 53. Ng3 Rb5 54. Rd2 Kf6 55. Nh5+ Ke5 56. Re2+ Kd4 57. Ng3 (57. Rxe6 Rb2+ 58. Kf1 Rb1+ 59. Re1 Rxe1+ 60. Kxe1 Ke3) 57... Kd3 58. Rxe6 ({But not} 58. gxf5 exf5 59. Ra2 Ba5 $14) 58... f4 59. Nf5 Rb2+ 60. Kh1 Rb1+ 61. Kh2 Rb2+ 62. Kh1 Bf2 63. Re8 Ra2 64. Re6 Rc2 65. Re8 Rb2 66. Re6 Ra2 67. Re8 Ra1+ 68. Kh2 Bg1+ 69. Kg2 Be3 70. Rd8+ Ke2 71. Nd4+ Bxd4 72. Rxd4 Ke3 73. Re4+ Kd3 $1 74. Re5 (74. h4 $5 Ra2+ $8 75. Kg1 gxh4 76. Kh1 $11 (76. Rxf4 Ke3 $11)) 74... Ra2+ 75. Kg1 Ra1+ 76. Kg2 Ra2+ 77. Kg1 Kd4 78. Re4+ Kd3 79. Re5 Rb2 80. Re6 Rb1+ 81. Kg2 Rb2+ 82. Kg1 Rb3 83. Kg2 Rb2+ 84. Kg1 1/2-1/2

[Event "Azerbaijan-ch 1st League 2025"]
[Site "Baku"]
[Date "2025.01.07"]
[Round "2.13"]
[White "Alizada, Agshin"]
[Black "Salimov, Shovkat"]
[Result "1-0"]
[Annotator "TA"]
[ECO "E17"]
[WhiteElo "2116"]
[BlackElo "1977"]
[PlyCount "124"]
[EventDate "2025.01.05"]
[EventType "swiss"]
[EventCountry "AZE"]
[SourceTitle "playchess.com"]
[Source "ChessBase"]
[SourceQuality "1"]
[TimeControl "40/5400+30:1800+30"]

1. d4 Nf6 2. Nf3 e6 3. g3 b6 4. Bg2 Bb7 5. O-O Be7 6. c4 O-O 7. Re1 d5 8. cxd5 exd5 9. Bf4 Nh5 10. Bc1 Nf6 11. Nc3 c5 12. Bf4 Nc6 13. Rc1 Ne4 14. dxc5 Nxc3 $1 15. Rxc3 bxc5 16. Rc1 Re8 17. Qb3 Na5 18. Qc2 Nc4 19. Red1 Nb6 20. h4 h6 21. Kh2 Bf8 22. e3 Qf6 23. Qc3 Qe7 24. b3 (24. Qe5 $142) 24... Nd7 25. Qa5 Nb6 26. Rc2 (26. Be5 $14) 26... f6 $15 27. g4 Bc8 28. g5 Bf5 (28... hxg5 $1 $15 29. hxg5 Qf7 30. gxf6 Qh5+ 31. Kg1 gxf6) 29. Rcd2 (29. Rcc1 $11) 29... hxg5 30. hxg5 Be4 31. Qb5 Qf7 32. Ne1 $2 {[%emt 0:02:02] Active counter play!} (32. gxf6 $11 Qh5+ (32... gxf6 33. Rh1 $14) (32... Qxf6 33. Ng5 $11) 33. Kg3) 32... Qh5+ 33. Kg1 fxg5 34. Bg3 Bxg2 35. Kxg2 g4 36. Nd3 Rad8 (36... Qh3+ $1 $19 37. Kg1 Rxe3) 37. Nf4 Qf7 $1 38. Qe2 Qf5 39. Qd3 ({Better is} 39. Rh1 $15) 39... Re4 $17 40. Rh1 c4 (40... g5 $17 41. Rh5 Be7) 41. Qc2 $1 $15 Be7 42. Qd1 $2 (42. Ne2 $17) 42... c3 $1 $19 43. Rd3 Bf6 44. Nh5 (44. Ne2 $142 Rc8 45. Qc2) 44... Rc8 45. Qc2 Kf7 (45... Qf3+ 46. Kg1 $17) (45... Re6 $142 46. Nf4 Qe4+ 47. Kg1 Ree8) 46. Bf4 $2 (46. Nxf6 Qxf6 47. Bf4) 46... Ree8 47. Ng3 Qe6 $1 48. Rh5 Rh8 (48... d4 $19 49. Rf5 (49. exd4 $2 Nd5 $19) 49... Kg8) 49. Rxh8 $17 Rxh8 50. Rd1 {[%emt 0:00:43] [#]} (50. Rxc3 $17 Bxc3 51. Qxc3) 50... d4 51. exd4 Nd5 $36 {[%emt 0:00:27][%mdl 2048] Keeping White busy.} 52. Bc1 Qc6 {[%emt 0:00:33] ( -> ...Ne3+)} 53. Kg1 Nb4 54. Qf5 c2 (54... Nxa2 $6 55. Ne4 c2 56. Re1 $11) 55. Rd2 {[%emt 0:00:25] [#]} (55. Rf1 $17) 55... Re8 $1 $19 (55... Nxa2 56. Rxc2 g6 57. Rxc6 $16 (57. Qxg4 $2 Qxc2 58. Qd7+ Be7 $19)) 56. Kf1 {[%emt 0:00:40] Against Re1+} Qa6+ (56... Nxa2 57. Rxc2 Qa6+ 58. Kg2 Qb7+ 59. Kh2 (59. d5 g6 $11) 59... Nxc1 60. Rxc1 $11) 57. Ne2 (57. Re2 $17) 57... Nxa2 ({Don't do} 57... Qxa2 58. Qh5+ g6 59. Qxg4 $17) 58. Qxc2 $2 (58. Qd5+ {was worth a try.} Kg6 59. Qc4 Qxc4 60. bxc4) 58... Rc8 $2 (58... Nxc1 $19 59. Qxc1 Bg5) 59. Qxa2 $11 Rxc1+ 60. Kg2 Qb7+ 61. d5 Ra1 62. Qc2 Ra6 (62... Qb4 $1 $11) 1-0